 Dungeon Crawl Stone Soup version 0.27.1-1-g398f81649c (webtiles) character file.

Game seed: 5750359225551839795

5955 pbellow the Cleaver (level 10, 0/101 HPs)
             Began as a Hill Orc Fighter on Sept 7, 2021.
             Was a Believer of Beogh.
             Slain by a shadow (5 damage)
             ... on level 9 of the Dungeon.
             The game lasted 00:31:19 (9942 turns).

pbellow the Cleaver (Hill Orc Fighter)              Turns: 9942, Time: 00:31:19

Health: 0/101      AC: 13    Str: 25    XL:     10   Next: 84%
Magic:  10/10      EV:  4    Int:  8    God:    Beogh [**....]
Gold:   400        SH:  9    Dex: 10    Spells: 9/9 levels left

rFire    . . .     SeeInvis .   a - +1 war axe (venom)
rCold    . . .     Faith    .   c - +0 kite shield
rNeg     . . .     Spirit   .   e - +1 plate armour of the Hills {Contam +Inv rElec rPois Str+2}
rPois    +         Reflect  .   (no helmet)
rElec    +         Harm     .   (no cloak)
rCorr    .         Rampage  .   h - +0 pair of gloves
Will     .....                  (no boots)
Stlth    ..........             (no amulet)
HPRegen  0.26/turn              (no ring)
MPRegen  0.12/turn              (no ring)

@: no status effects
A: no striking features
a: Renounce Religion, Evoke Invisibility, Smiting


You were on level 9 of the Dungeon.
You worshipped Beogh.
Beogh was pleased with you.
You visited 1 branch of the dungeon, and saw 9 of its levels.

You collected 1100 gold pieces.
You spent 700 gold pieces at shops.

Inventory:

Hand Weapons
 a - a +1 war axe of venom (weapon)
 o - a +0 dagger
Armour
 b - a +0 scale mail
 c - a +0 kite shield (worn)
 e - the +1 plate armour of the Hills (worn) {Contam +Inv rElec rPois Str+2}
   (You bought it in a shop on level 4 of the Dungeon)

   Str:       It affects your strength (+2).
   rElec:     It insulates you from electricity.
   rPois:     It protects you from poison.
   +Inv:      It lets you turn invisible.
   Contam:    It causes magical contamination when unequipped.
 h - a +0 pair of gloves (worn)
Jewellery
 m - a ring of protection from fire
 s - a ring of resist corrosion
Wands
 d - a wand of polymorph (10)
 n - a wand of paralysis (1)
Scrolls
 g - 9 scrolls of identify
 i - a scroll of vulnerability
Potions
 f - a potion of curing
 j - a potion of mutation {unknown}
 p - 2 potions of resistance
 r - a potion of might


   Skills:
 + Level 13.3 Fighting
 + Level 14.0 Axes
 - Level 3.6 Armour
 - Level 0.7 Dodging
 - Level 3.6 Shields


You had 9 spell levels left.
You didn't know any spells.
Your spell library contained the following spells:

 Spells                   Type           Power      Damage    Failure   Level
 Magic Dart               Conj           0%         1d3       100%        1
 Pain                     Necr           0%         1d4       100%        1
 Shock                    Conj/Air       0%         1d3       100%        1
 Searing Ray              Conj           0%         3d3       100%        2
 Swiftness                Air            0%         N/A       100%        3
 Airstrike                Air            0%         N/A       100%        4
 Fulminant Prism          Conj/Hex       0%         3d6       100%        4
 Agony                    Necr           0%         N/A       100%        5
 Excruciating Wounds      Necr           0%         N/A       100%        5


Dungeon Overview and Level Annotations

Branches:
Dungeon (9/15)             Temple (0/1) D:7            Lair (0/6) D:9
    Orc: D:9-12

Altars:
Cheibriados
Fedhas
Gozag
Hepliaklqana
Nemelex Xobeh
Uskayaw
Vehumet
The Shining One

Shops:
D:3 =   D:4 [


Message History

You block the troll's attack. The troll claws you but does no damage.
The troll claws you. The yak gores you!
You hit the troll.
The troll is poisoned.
The troll is lightly wounded.
You hit the yak. The troll bites you! The troll claws you! The troll claws you.
* * * LOW HITPOINT WARNING * * *
The yak completely misses you.
You slice the troll!!
The troll looks as sick as possible!
The troll is severely wounded.
You hit the yak.
The yak looks as sick as possible!
The troll bites you but does no damage. You block the troll's attack. x2
You block the yak's attack.
You slash the troll!
You kill the troll!
Beogh accepts your kill.
You hit the yak.
The yak looks as sick as possible!
The yak gores you.
* * * LOW HITPOINT WARNING * * *
The shadow strikes at you from the darkness!
You closely miss something. You hit the yak but do no damage.
You block the yak's attack.
The shadow strikes at you from the darkness!
* * * LOW HITPOINT WARNING * * *
Reactivating autopickup.
Your shield and plate armour of the Hills prevent you from hitting the shadow.
You hit the yak.
You kill the yak!
Beogh accepts your kill. The shadow barely misses you.
Your Axes skill increases to level 14!
You slash the shadow!
The shadow is heavily damaged.
The shadow hits you.
* * * LOW HITPOINT WARNING * * *
You hit the shadow.
The shadow is heavily damaged.
The shadow hits you.
You hit the shadow but do no damage.
The shadow is heavily damaged.
The shadow hits you.
You die...

#..# ..# ..# ..# #.#
#.# # #.###.# #@....#
#W....# #.##..# #.#
.... #.# ... # #.# ....
)###. #.##.......[....
....)###.##............
.........†.............


You could see a shadow.

Vanquished Creatures
  A two-headed ogre (D:8)
  An elephant (D:9)
  A queen bee (D:8)
  Grinder (D:5)
  A troll (D:9)
  A basilisk (D:9)
  A yak (D:9)
  Edmund (D:5)
  Duvessa (D:7)
  A water moccasin (D:8)
  A hornet zombie (D:5)
  A black bear (D:9)
  5 ice beasts
  An orc warrior (D:6)
  2 necrophages
  2 ogres
  A centaur (D:9)
  A phantom (D:7)
  3 bullfrogs
  A gnoll sergeant (D:8)
  A scorpion (D:4)
  Dowan (D:7)
  A water moccasin skeleton (D:5)
  23 killer bees
  8 wights
  A howler monkey (D:7)
  A centaur zombie (D:7)
  4 hounds
  A jelly (D:5)
  4 orc priests
  A centaur skeleton (D:7)
  4 iguanas
  2 orc wizards
  A killer bee zombie (D:7)
  A hound zombie (D:5)
  2 howler monkey zombies (D:7)
  4 gnolls (D:8)
  4 adders
  A white imp (D:6)
  An ufetubus (D:5)
  An adder skeleton (D:4)
  2 worms (D:3)
  A dart slug (D:3)
  22 orcs
  6 ball pythons
  7 endoplasms
  2 giant cockroaches
  6 goblins
  9 hobgoblins
  8 jackals
  9 kobolds
  3 quokkas
  5 bats
  4 frilled lizards
  6 rats
  A spectral goblin (D:1)
186 creatures vanquished.

Vanquished Creatures (others)
  A sky beast (D:5)
  An orc priest (D:5)
  A hound (D:5)
  A dart slug (D:5)
  An orc (D:5)
  11 plants (D:8)
16 creatures vanquished.

Grand Total: 202 creatures vanquished

Notes
Turn   | Place    | Note
-------+----------+-------------------------------------------
     0 | D:1      | pbellow the Hill Orc Fighter began the quest for the Orb.
     0 | D:1      | Reached XP level 1. HP: 19/19 MP: 1/1
   194 | D:1      | Reached XP level 2. HP: 25/27 MP: 2/2
   477 | D:1      | Reached skill level 3 in Axes
   495 | D:1      | Found a faded altar of an unknown god.
   905 | D:2      | Reached XP level 3. HP: 33/33 MP: 3/3
  1568 | D:3      | Found Tudugu's Jewellery Boutique.
  1667 | D:4      | Noticed a scorpion
  1676 | D:4      | Killed a scorpion
  1677 | D:4      | Reached skill level 5 in Fighting
  1677 | D:4      | Reached skill level 4 in Axes
  1677 | D:4      | Reached XP level 4. HP: 8/42 MP: 4/4
  1794 | D:3      | Reached XP level 5. HP: 43/48 MP: 5/5
  2276 | D:3      | Found an opulent altar of Gozag.
  2276 | D:3      | Found a blossoming altar of Fedhas.
  2724 | D:4      | Noticed a necrophage
  2741 | D:4      | Killed a necrophage
  2742 | D:4      | Reached skill level 5 in Axes
  2742 | D:4      | Reached XP level 6. HP: 55/57 MP: 6/6
  2770 | D:4      | Found Huakiz's Antique Armour Emporium.
  2831 | D:4      | Found a glowing golden altar of the Shining One.
  2918 | D:4      | Reached skill level 6 in Axes
  3503 | D:5      | Entered Level 5 of the Dungeon
  3531 | D:5      | Became a worshipper of Beogh the Brigand
  3591 | D:5      | Reached XP level 7. HP: 60/64 MP: 7/7
  3675 | D:5      | Reached skill level 7 in Axes
  4222 | D:5      | Noticed Edmund
  4230 | D:5      | Killed Edmund
  4231 | D:5      | Reached skill level 8 in Axes
  4231 | D:5      | Reached XP level 8. HP: 74/74 MP: 8/8
  4264 | D:5      | Noticed Grinder
  4302 | D:5      | Killed Grinder
  4303 | D:5      | Reached skill level 9 in Axes
  4780 | D:6      | Reached * piety under Beogh
  5162 | D:6      | Reached skill level 10 in Axes
  5413 | D:6      | Found a sparkling altar of Nemelex Xobeh.
  5786 | D:6      | Found a hazy altar of Hepliaklqana.
  5895 | D:6      | Reached skill level 10 in Fighting
  5895 | D:6      | Reached XP level 9. HP: 85/85 MP: 9/9
  5895 | D:6      | Identified a scroll of acquirement
  5895 | D:6      | Acquired 652 gold pieces
  6029 | D:4      | Bought a polished plate armour for 700 gold pieces
  6029 | D:4      | Identified the +1 plate armour of the Hills {Contam +Inv
                  | rElec rPois Str+2} (You bought it in a shop on level 4 of
                  | the Dungeon)
  6698 | D:6      | Found a hide-covered altar of Uskayaw.
  6953 | D:7      | Noticed Duvessa
  6954 | D:7      | Noticed Dowan
  6961 | D:7      | Killed Dowan
  6968 | D:7      | Killed Duvessa
  7162 | D:7      | Reached skill level 11 in Axes
  7434 | D:7      | Found a staircase to the Ecumenical Temple.
  7619 | D:7      | Found a snail-covered altar of Cheibriados.
  8089 | D:8      | Noticed a two-headed ogre
  8105 | D:8      | Killed a two-headed ogre
  8106 | D:8      | Reached skill level 12 in Axes
  8346 | D:8      | Reached XP level 10. HP: 82/97 MP: 10/10
  8346 | D:8      | Reached ** piety under Beogh
  8891 | D:8      | Reached skill level 13 in Axes
  9764 | D:8      | Found a radiant altar of Vehumet.
  9900 | D:9      | Noticed an elephant
  9901 | D:9      | Found a staircase to the Lair.
  9933 | D:9      | Killed an elephant
  9940 | D:9      | Reached skill level 14 in Axes
  9940 | D:9      | HP: 5/101 [shadow (5)]
  9942 | D:9      | Slain by a shadow

Illustrated notes

Levels and vault maps discovered:
D:1:      amcnicky_arrival_gap_in_the_tavern_cellar, layout_basic,
          dreamdust_ecumenical_altar_drowned_temple
D:2:      layout_loops_ring
D:3:      minmay_chambers_of_twos, layout_basic,
          gammafunk_temple_overflow_elements, serial_shops, nicolae_shop_stone,
          minivault_27, serial_bayou_pond_a
D:4:      layout_basic, mainiacjoe_overflow_brackets, serial_shops,
          nicolae_shop_crystal
D:5:      layout_loops_ring, uniq_grinder, uniq_edmund
D:6:      layout_layer_cave, mainiacjoe_overflow_cross_hatched,
          nicolae_overflow_hidden_temple, minmay_unpleasant_kobolds
D:7:      layout_gridville, mainiacjoe_overflow_alcove_1,
          minmay_temple_entry_offerings, uniq_duvessa
D:8:      layout_basic, mainiacjoe_overflow_surrounded_room,
          nicolae_looking_at_the_future
D:9:      layout_long_grid, david_lair_generic

Skill      XL: |  1  2  3  4  5  6  7  8  9 10 |
---------------+-------------------------------+-----
Fighting       | 4 5 6 8 10 11 13 | 13.3
Axes           | 3 4 5 6 8 10 12 14 | 14.0
Armour         | |  3.6
Dodging        | |  0.7
Shields        | |  3.6

Action                   |  1- 3 |  4- 6 |  7- 9 | 10-12 || total
-------------------------+-------+-------+-------+-------++-------
Melee: War axe           |   109 |   121 |   250 |   114 ||   594
Invok: Convert to Beogh  |       |     1 |       |       ||     1
Evoke: Wand              |       |       |    14 |       ||    14
  Use: Potion            |     1 |     1 |     7 |     1 ||    10
       Scroll            |       |       |    11 |       ||    11
Armor: Scale mail        |    52 |    62 |    60 |       ||   174
       Plate armour      |       |       |    74 |    84 ||   158
Dodge: Dodged            |    35 |    43 |    64 |    25 ||   167
Block: Kite shield       |    67 |    77 |   142 |    87 ||   373
